 Dungeon Crawl Stone Soup version 0.25-a0-942-g87a53962fc (webtiles) character file.

Game seed: 15231531619845970215, levelgen mode: deterministic

10842 Flugslaktarn the Cleaver (level 11, -5/99 HPs)
             Began as a Minotaur Fighter on May 7, 2020.
             Was a High Priest of Okawaru.
             Slain by an unseen horror (7 damage)
             ... on level 12 of the Dungeon.
             The game lasted 00:06:24 (11195 turns).

Flugslaktarn the Cleaver (Minotaur Fighter)        Turns: 11195, Time: 00:06:24

Health: -5/99      AC:  9    Str: 23    XL:     11   Next: 41%
Magic:  15/15      EV:  9    Int:  5    God:    Okawaru [*****.]
Gold:   1027       SH: 13    Dex: 11    Spells: 10/10 levels left

rFire    . . .     SeeInvis .   a - +0 war axe
rCold    . . .     Gourm    .   c - +0 kite shield
rNeg     . . .     Faith    .   G - +0 plate armour
rPois    .         Spirit   .   g - +2 hat
rElec    .         Reflect  .   m - +2 cloak
rCorr    .         Harm     .   j - +2 pair of gloves
MR       .....                  (no boots)
Stlth    ..........             (no amulet)
HPRegen  0.26/turn              (no ring)
MPRegen  0.14/turn              (no ring)

@: heroism, corroded, very slightly contaminated, drained
A: retaliatory headbutt, horns 2
a: Heroism, Finesse, Renounce Religion


You were on level 12 of the Dungeon.
You worshipped Okawaru.
Okawaru was extremely pleased with you.
You were not hungry.

You visited 1 branch of the dungeon, and saw 14 of its levels.
You also visited: Ossuary.

You collected 1027 gold pieces.

Inventory:

Hand Weapons
 a - a +0 war axe (weapon)
Missiles
 u - 4 throwing nets (quivered)
Armour
 c - a +0 kite shield (worn)
 g - a +2 hat (worn)
   (You found it on level 4 of the Dungeon)
 j - a +2 pair of gloves (worn)
   (You found it on level 1 of the Dungeon)
 m - a +2 cloak (worn)
   (You took it off Crazy Yiuf on level 2 of the Dungeon)
 G - a +0 plate armour (worn)
   (You found it on level 6 of the Dungeon)
Jewellery
 o - an uncursed ring of poison resistance
   (You took it off an orc on level 10 of the Dungeon)
Wands
 b - a wand of iceblast (5)
   (You found it on level 7 of the Dungeon)
 k - a wand of acid (5)
   (You found it on level 3 of the Dungeon)
 p - a wand of scattershot (1)
   (You found it on level 7 of the Dungeon)
 E - a wand of enslavement (13)
   (You found it on level 6 of the Dungeon)
Scrolls
 i - 3 scrolls of fear
 l - a scroll of immolation
 t - 5 scrolls of teleportation
 w - a scroll of brand weapon
 x - 4 scrolls of remove curse
 y - a scroll of enchant weapon {unknown}
 z - a scroll of blinking
 A - 3 scrolls of magic mapping
 D - 2 scrolls of vulnerability
Potions
 d - 3 potions of might
 f - 3 potions of lignification
 h - 2 potions of haste
 n - 2 potions of resistance
 q - 3 potions of curing
 s - a potion of invisibility
 B - a potion of stabbing
 C - a potion of berserk rage
 F - a potion of cancellation
Comestibles
 e - 19 rations


   Skills:
 + Level 9.7(13.9) Fighting
 * Level 12.6(16.7) Axes
 + Level 9.7(13.9) Armour
 + Level 9.8(14.0) Shields
 + Level 6.8(6.1) Invocations


You had 10 spell levels left.
You didn't know any spells.
Your spell library was empty.

Dungeon Overview and Level Annotations

Branches:
Dungeon (14/15)            Temple (0/1) D:6         Ossuary (visited)
   Lair: D:8-11         Orc: D:9-12      Vaults: D:13-14

Altars:
Ashenzari
Cheibriados
Dithmenos
Elyvilon
Fedhas
Gozag
Hepliaklqana
Kikubaaqudgha
Makhleb
Okawaru
Qazlal
Ru
Trog
Vehumet
Yredelemnul

Shops:
D:9 *   D:13 %


Innate Abilities, Weirdness & Mutations

You reflexively headbutt those who attack you in melee.
You have a pair of horns on your head.


Message History

You headbutt the shadow imp. You block the soul eater's attack.
The rust devil closely misses you. You furiously retaliate!
You headbutt the rust devil, but do no damage.
The rust devil barely misses you.
Unknown command.
Unknown command.
Blink to where?
Press: ? - help, Dir - move target cursor You are very lightly contaminated with residual magic.
As you read the scroll of blinking, it crumbles to dust.
The kobold demonologist begins to cast a cantrip, but forgets the words!
Unknown command.
Things that are here:
a +0 giant club x2; a two-headed ogre corpse The rust devil disappears in a puff of smoke!
Something hits you!
* * * LOW HITPOINT WARNING * * *
You block something's attack. Something hits you!
You die...

...........................
...........................
.......................)...
...........................
...........................
...........................
......††........5...§...)).
......[...@....5)K.....(..)
...............4.........3(
...........................
...........................
...........................
...........................
.##########################


You could see a rust devil, a kobold demonologist and 2 shadow imps.

Vanquished Creatures
  Harold (D:11)
  2 two-headed ogres
  A deep elf mage (D:7)
  A cyclops (D:7)
  Maurice (D:8)
  3 centaur skeletons
  A kobold demonologist (D:12)
  A troll (D:9)
  Prince Ribbit (D:8)
  5 hippogriffs
  A shadow (D:7)
  Sigmund (D:6)
  A yak (D:7)
  Eustachio (D:6)
  A hungry ghost (D:7)
  A water moccasin (D:11)
  A soldier ant (D:10)
  Duvessa (D:6)
  2 orc warriors
  5 ice beasts
  2 sky beasts
  2 black bears
  2 phantoms
  3 centaurs
  2 ogres
  4 bullfrogs
  4 big kobolds
  Dowan (D:6)
  A hornet simulacrum (D:10)
  A scorpion (D:6)
  3 wights (D:11)
  4 killer bees (D:12)
  A howler monkey (D:8)
  6 crimson imps
  A centaur zombie (D:10)
  2 bullfrog zombies
  4 jellies
  3 hounds
  2 quasits
  Crazy Yiuf (D:2)
  4 orc priests
  3 bullfrog skeletons
  6 iguanas
  Terence (D:3)
  5 orc wizards
  5 worker ants
  A big kobold zombie (Ossuary)
  2 hound zombies
  8 mummies (Ossuary)
  14 adders
  8 gnolls
  2 shadow imps (D:7)
  An adder skeleton (D:2)
  3 worms
  4 dart slugs
  41 orcs
  10 giant cockroaches
  2 goblins
  6 hobgoblins
  9 jackals
  6 quokkas
  2 ball pythons
  5 bats
  8 frilled lizards
  3 hobgoblin zombies (Ossuary)
  A jackal skeleton (D:6)
  14 kobolds
  A kobold zombie (Ossuary)
  A leopard gecko skeleton (D:4)
  3 orc zombies (Ossuary)
  A quokka skeleton (D:5)
  7 rats
268 creatures vanquished.

Notes
Turn   | Place    | Note
-------+----------+-------------------------------------------
     0 | D:1      | Flugslaktarn the Minotaur Fighter began the quest for the
                  | Orb.
     0 | D:1      | Reached XP level 1. HP: 19/19 MP: 0/0
   341 | D:1      | Reached XP level 2. HP: 27/27 MP: 1/1
   360 | D:1      | Reached skill level 3 in Axes
   856 | D:2      | Reached XP level 3. HP: 29/33 MP: 2/2
  1363 | D:2      | Reached XP level 4. HP: 40/40 MP: 3/3
  1484 | D:2      | Reached skill level 4 in Axes
  1589 | D:2      | Found a runed translucent door.
  1590 | D:2      | Noticed Crazy Yiuf
  1874 | D:2      | Killed Crazy Yiuf
  1996 | D:3      | Reached XP level 5. HP: 47/47 MP: 4/4
  2008 | D:3      | Found a hazy altar of Hepliaklqana.
  2008 | D:3      | Noticed Terence
  2012 | D:3      | Killed Terence
  2515 | D:3      | Reached skill level 5 in Axes
  2625 | D:3      | Reached skill level 5 in Fighting
  2625 | D:3      | Reached XP level 6. HP: 31/56 MP: 5/5
  2636 | D:3      | Reached skill level 5 in Shields
  3229 | D:4      | Found an iron altar of Okawaru.
  3243 | D:4      | Found a sacrificial altar of Ru.
  3278 | D:4      | Became a worshipper of Warmaster Okawaru
  3287 | D:4      | Found a shattered altar of Ashenzari.
  3319 | D:4      | Found a sand-covered staircase.
  3324 | Ossuary  | Entered an ossuary
  3339 | Ossuary  | Reached skill level 5 in Armour
  3520 | Ossuary  | Reached skill level 1 in Invocations
  3837 | D:4      | Found a basalt altar of Yredelemnul.
  3915 | D:4      | Found a shattered altar of Ashenzari.
  3915 | D:4      | Found a snail-covered altar of Cheibriados.
  3968 | D:4      | Reached XP level 7. HP: 61/61 MP: 6/6
  4347 | D:5      | Entered Level 5 of the Dungeon
  4408 | D:5      | Reached skill level 6 in Axes
  4480 | D:5      | Found an opulent altar of Gozag.
  4499 | D:5      | Reached * piety under Okawaru
  4677 | D:5      | Found an opulent altar of Gozag.
  5060 | D:5      | Found a shadowy altar of Dithmenos.
  5226 | D:6      | Found a staircase to the Ecumenical Temple.
  5266 | D:6      | Found a white marble altar of Elyvilon.
  5373 | D:6      | Noticed Eustachio
  5423 | D:6      | Killed Eustachio
  5423 | D:6      | Reached skill level 7 in Axes
  5423 | D:6      | Reached XP level 8. HP: 49/70 MP: 8/8
  5576 | D:6      | Reached ** piety under Okawaru
  5962 | D:6      | Noticed Sigmund
  5962 | D:6      | Noticed Duvessa
  5972 | D:6      | Noticed Dowan
  5973 | D:6      | Killed Sigmund
  5985 | D:6      | Killed Duvessa
  5985 | D:6      | Reached skill level 8 in Axes
  5985 | D:6      | Killed Dowan
  6390 | D:7      | Found a radiant altar of Vehumet.
  6684 | D:7      | Noticed a hippogriff
  6693 | D:7      | Killed a hippogriff
  6693 | D:7      | Reached XP level 9. HP: 58/79 MP: 10/10
  6917 | D:7      | Reached *** piety under Okawaru
  6983 | D:7      | Reached skill level 9 in Axes
  6994 | D:7      | Found a blossoming altar of Fedhas.
  6995 | D:7      | Found a sacrificial altar of Ru.
  6995 | D:7      | Found a blossoming altar of Fedhas.
  6995 | D:7      | Found a stormy altar of Qazlal.
  7181 | D:7      | Noticed a deep elf mage
  7194 | D:7      | Killed a deep elf mage
  7224 | D:7      | Reached **** piety under Okawaru
  7240 | D:7      | Reached skill level 10 in Axes
  7242 | D:7      | Got a warped scale mail
  7253 | D:7      | Noticed a cyclops
  7263 | D:7      | Killed a cyclops
  7754 | D:8      | Found an ancient bone altar of Kikubaaqudgha.
  7783 | D:8      | Reached XP level 10. HP: 77/88 MP: 12/12
  7786 | D:8      | Reached skill level 5 in Invocations
  7853 | D:8      | Noticed Maurice
  7854 | D:8      | Paralysed by Maurice for 6 turns
  7864 | D:8      | Paralysed by something for 5 turns
  8282 | D:8      | Found a bloodstained altar of Trog.
  8350 | D:8      | Noticed Prince Ribbit
  8367 | D:8      | Killed Prince Ribbit
  8415 | D:8      | Killed Maurice
  8857 | D:8      | Identified the cursed +0 scale mail of Subifaz {+Fly
                  | Stlth+} (You found it on level 7 of the Dungeon)
  8954 | D:9      | Reached skill level 11 in Axes
  9161 | D:9      | Found Izuyzeeg's General Store.
  9634 | D:10     | Entered Level 10 of the Dungeon
  9681 | D:10     | Noticed a two-headed ogre
  9692 | D:10     | Killed a two-headed ogre
  9692 | D:10     | Reached ***** piety under Okawaru
 10295 | D:10     | Found a burning altar of Makhleb.
 10297 | D:10     | Noticed a blizzard demon
 10300 | D:10     | Reached XP level 11. HP: 97/97 MP: 14/14
 10357 | D:10     | Reached skill level 12 in Axes
 10855 | D:11     | Noticed Harold
 10876 | D:11     | Killed Harold
 10876 | D:11     | Received a gift from Okawaru
 10993 | D:11     | You fall into a shaft and drop 3 floors!
 11002 | D:13     | Found Iqodenao's Food Boutique.
 11148 | D:12     | Noticed a two-headed ogre
 11158 | D:12     | Killed a two-headed ogre
 11180 | D:12     | Noticed a soul eater
 11184 | D:12     | HP: 3/99 [soul eater[a kobold demonologist] (9)]
 11184 | D:12     | HP: 1/99 [soul eater[a kobold demonologist] (2)]
 11193 | D:12     | HP: 2/99 [something (7)]
 11195 | D:12     | Slain by an unseen horror

Levels and vault maps discovered:
D:1:      dpeg_arrival_short_road, layout_basic, serial_bayou,
          serial_bayou_pond_e, serial_bayou_pond_c, serial_bayou_pond_a,
          serial_bayou_shore_a, due_unseen_surprise
D:2:      layout_loops_ring, uniq_crazy_yiuf_cottage
D:3:      layout_basic, old_standard_altar, dk_noncrumbling_4, uniq_terence
D:4:      layout_gridville, nicolae_ru_awakened_eye,
          gammafunk_temple_overflow_statue, okawaru_trees_2, marbit_many_paths,
          enter_ossuary_5, first_ration, minmay_misc_feat_tower,
          cheibrodos_ashenzari_chains
D:5:      layout_loops_ring, grunt_dithmenos_smoke, nicolae_gozag_seed_capital,
          basic_altar
D:6:      layout_loops_ring, nicolae_overflow_crystal_walls,
          minmay_temple_entry_mist, kennysheep_donut, uniq_sigmund,
          uniq_eustachio, uniq_duvessa
D:7:      minmay_the_grid_octo_2x2 [minmay_the_grid_octo_concentric,
          minmay_the_grid_octo_shrine, minmay_the_grid_octo_clover_2,
          minmay_the_grid_octo_prize_single_spiral], layout_basic,
          vehumet_altar_wand_db
D:8:      layout_loops_corners, bloody_trog, kiku_gazebo_pond_becter,
          uniq_maurice, uniq_prince_ribbit1
D:9:      layout_basic, serial_shops, shop_fountains
D:10:     layout_irregular_city, makhleb_altar_promises_db
D:11:     layout_stronghold, lair_entry_dummy, uniq_harold
D:12:     layout_long_grid, david_orc_5, grunt_livestock
D:13:     layout_roguey, serial_shops, kennysheep_mini_moat, shop,
          shop_fountains, nicolae_shop_trees, nicolae_shop_behind_doors
D:14:     layout_roguey, david_vaults_1, hangedman_decor_cross_pass,
          enter_trove_1, st_stairs_5, minmay_evil_grid, uniq_azrael

Skill      XL: |  1  2  3  4  5  6  7  8  9 10 11 |
---------------+----------------------------------+-----
Axes           | 3 4 5 7 8 10 11 12 | 12.6
Armour         | 4 5 6 8 9 |  9.7
Shields        | 4 5 6 7 8 9 |  9.8
Fighting       | 4 5 6 7 8 9 |  9.7
Invocations    | 1 2 3 4 6 |  6.8

Action                   |  1- 3 |  4- 6 |  7- 9 | 10-12 || total
-------------------------+-------+-------+-------+-------++-------
Melee: War axe           |    94 |   165 |   350 |   377 ||   986
       Headbutt          |     5 |    31 |    60 |    73 ||   169
Invok: Heroism           |       |       |       |     1 ||     1
Evoke: Wand              |       |       |       |     5 ||     5
  Use: Scroll            |       |       |    21 |     8 ||    29
       Potion            |       |       |       |     1 ||     1
  Eat: Chunk             |     1 |     7 |    10 |     5 ||    23
       Ration            |       |     1 |     2 |     1 ||     4
Armor: Scale mail        |    56 |    55 |    75 |       ||   186
       Plate armour      |       |       |   106 |   262 ||   368
Dodge: Dodged            |    24 |    32 |    64 |    78 ||   198
Block: Kite shield       |    54 |    85 |   191 |   196 ||   526

Table legend:
 A = Non-vault XP
 B = Vault XP
 C = Vault XP percentage of total XP
 D = Non-vault monster count
 E = Vault monster count
 F = Vault count percentage of total count
                 A         B        C        D         E       F
            +---------+---------+-------+---------+---------+-------
      Total |   10530 |    4959 |  32.0 |     225 |      43 |  16.0
            +---------+---------+-------+---------+---------+-------
        D:1 |      28 |       0 |   0.0 |      20 |       0 |   0.0
        D:2 |     125 |      41 |  24.7 |      25 |       1 |   3.8
        D:3 |     242 |      36 |  12.9 |      38 |       1 |   2.6
        D:4 |     117 |      14 |  10.7 |       7 |       1 |  12.5
        D:5 |     451 |       0 |   0.0 |      24 |       0 |   0.0
        D:6 |     490 |     638 |  56.6 |      11 |       4 |  26.7
        D:7 |     755 |    2349 |  75.7 |       7 |      17 |  70.8
        D:8 |     675 |     739 |  52.3 |      18 |       2 |  10.0
        D:9 |    1352 |       0 |   0.0 |      23 |       0 |   0.0
       D:10 |    3384 |       0 |   0.0 |      25 |       0 |   0.0
       D:11 |     770 |     970 |  55.7 |      12 |       1 |   7.7
       D:12 |    1744 |       0 |   0.0 |      14 |       0 |   0.0
       D:13 |     397 |       0 |   0.0 |       1 |       0 |   0.0
    Ossuary |       0 |     172 | 100.0 |       0 |      16 | 100.0
            +---------+---------+-------+---------+---------+-------
